 Dungeon Crawl Stone Soup version 0.18.1-8-gdd0e5ea (webtiles) character file.

86 Gargoyl the Skirmisher (level 4, 0/37 HPs)
             Began as a Demonspawn Abyssal Knight on May 25, 2016.
             Was a Follower of Lugonu.
             Slain by a worm (9 damage)
             ... on level 2 of the Dungeon.
             The game lasted 00:03:04 (1755 turns).

Gargoyl the Skirmisher (Demonspawn Abyssal Knight)  Turns: 1755, Time: 00:03:04

Health: 0/37       AC:  8    Str: 14    XL:     4   Next: 27%
Magic:  6/6        EV:  9    Int: 13    God:    Lugonu [*.....]
Gold:   74         SH:  0    Dex: 12    Spells: 0 memorised, 3 levels left

rFire  . . .     SeeInvis .     a - +1 hand axe
rCold  . . .     Gourm    .     k - +0 scale mail
rNeg   . . .     Faith    .     (no shield)
rPois  .         Spirit   .     (no helmet)
rElec  .         Dismiss  .     (no cloak)
rCorr  .         Reflect  .     j - +0 pair of gloves
SustAt .         Harm     .     e - +0 pair of boots
MR     .....                    (no amulet)
Stlth  +.........               (no ring)
                                (no ring)

@: not resistant to hostile enchantments, very unstealthy
A: nightstalker 1
a: Depart the Abyss, Renounce Religion


You were on level 2 of the Dungeon.
You worshipped Lugonu.
Lugonu was aware of your devotion.
You were not hungry.

You visited 1 branch of the dungeon, and saw 2 of its levels.
You visited the Abyss 1 time.

You collected 74 gold pieces.

Inventory:

Hand Weapons
 a - a +1 hand axe (weapon)
Missiles
 f - 10 poisoned needles
Armour
 e - a +0 pair of boots (worn)
 j - a +0 pair of gloves (worn)
 k - a +0 scale mail (worn)
Scrolls
 b - a scroll of noise {unknown}
 d - 2 scrolls of immolation {unknown}
 h - 2 scrolls of enchant weapon {unknown}
Potions
 i - a potion of brilliance {unknown}
Comestibles
 c - 2 bread rations
 l - 2 fruits


   Skills:
 + Level 3.8 Fighting
 + Level 2.1 Axes
 * Level 2.4 Armour
 + Level 1.7 Dodging
 + Level 0.4 Stealth
 + Level 2.9 Invocations


You had 3 spell levels left.
You didn't know any spells.

Dungeon Overview and Level Annotations

Branches:
Dungeon (2/15)

Altars:
Cheibriados


Innate Abilities, Weirdness & Mutations

You are slightly more attuned to the shadows.


Message History

The worm is almost dead.
You hit the worm.
You kill the worm!
Lugonu accepts your kill.
You hit the worm.
The worm is moderately wounded.
The worm bites you.
You hit the worm but do no damage.
The worm is moderately wounded.
The worm bites you!
* * * LOW HITPOINT WARNING * * *
You hit the worm.
The worm is moderately wounded.
You hit the worm.
The worm is heavily wounded.
The worm closely misses you.
You hit the worm but do no damage.
The worm is heavily wounded.
The worm bites you!
You die...

...# #...#..### ..
#..######.....##(##)##!
#.............#?.......
#<......>.....##.......
###########.#..#..w....
####..?.........
.........g#..
......###w# #####. #@#
(K #..# .#. ##... #.#.
..#.. . .. ... .. ....
. ..##.


You could see a worm and a hobgoblin.

Vanquished Creatures
  Ijyb (D:2)
  2 adders (D:2)
  3 worms (D:2)
  A dart slug (D:1)
  A giant gecko (D:1)
  6 goblins
  4 hobgoblins (D:1)
  4 giant newts
  9 kobolds
  4 rats (D:1)
35 creatures vanquished.

Vanquished Creatures (others)
  2 starspawn tentacles (Abyss:1)
  2 starspawn tentacle segments (Abyss:1)
4 creatures vanquished.

Grand Total: 39 creatures vanquished

Notes
Turn   | Place    | Note
--------------------------------------------------------------
     0 | Abyss:1  | Gargoyl the Demonspawn Abyssal Knight began the quest for the Orb.
     0 | Abyss:1  | Reached XP level 1. HP: 18/18 MP: 2/2
    46 | Abyss:1  | Noticed a tentacled starspawn
    51 | Abyss:1  | Noticed a small abomination
    60 | Abyss:1  | Noticed a large abomination
    60 | Abyss:1  | Noticed a water elemental
    61 | D:1      | Escaped the Abyss
   124 | D:1      | Reached skill level 1 in Dodging
   126 | D:1      | Reached * piety under Lugonu
   371 | D:1      | Gained mutation: You are slightly more attuned to the shadows. [demonic ancestry]
   371 | D:1      | Reached XP level 2. HP: 24/24 MP: 4/4
   976 | D:1      | Reached XP level 3. HP: 24/29 MP: 5/5
  1100 | D:2      | HP: 1/29 [worm (8)]
  1436 | D:2      | Found a snail-covered altar of Cheibriados.
  1459 | D:2      | Noticed Ijyb
  1481 | D:2      | Killed Ijyb
  1724 | D:2      | Reached XP level 4. HP: 36/37 MP: 6/6
  1755 | D:2      | Slain by a worm

Skill      XL: |  1  2  3 |
---------------+----------+-----
Dodging        | 1 |  1.7
Armour         | 2 |  2.4
Axes           | 2 |  2.1
Fighting       | |  3.8
Stealth        | |  0.4
Invocations    | |  2.9

Action                   |  1- 3 |  4- 6 || total
-------------------------+-------+-------++-------
Melee: Hand axe          |   128 |    24 ||   152
Invok: Depart the Abyss  |     1 |       ||     1
 Stab: Sleeping          |     3 |       ||     3
  Eat: Meat ration       |     1 |       ||     1
Armor: Leather armour    |    17 |       ||    17
       Scale mail        |    15 |     6 ||    21
Dodge: Dodged            |    68 |     9 ||    77
